 Dungeon Crawl Stone Soup version 0.26-a0-487-gbff1e92059 (webtiles) character file.

Game seed: 16972211886608427058

8957 KristoblXynda the Grappler (level 11, -4/88 HPs)
             Began as a Troll Hedge Wizard on Aug 2, 2020.
             Was a Believer of Ashenzari.
             Killed by divine providence
             ... invoked by an orc priest
              (12 damage)
             ... on level 10 of the Dungeon.
             The game lasted 00:36:43 (8817 turns).

KristoblXynda the Grappler (Troll Hedge Wizard)     Turns: 8817, Time: 00:36:44

Health: -4/88      AC: 11    Str: 26    XL:     11   Next: 16%
Magic:  13/13      EV: 14    Int: 13    God:    Ashenzari [**....]
Gold:   636        SH:  0    Dex: 12    Spells: 10/14 levels left

rFire    + . .     SeeInvis .     - Unarmed
rCold    . . .     Faith    .   (no shield)
rNeg     . . .     Spirit   .   q - +2 robe of Darkness {rElec rF+ Dex-3}
rPois    +         Reflect  .   c - +0 hat
rElec    +         Harm     .   s - +2 cloak {rPois} (curse)
rCorr    .                      (gloves unavailable)
MR       .....                  (boots unavailable)
Stlth    ++........             (no amulet)
HPRegen  0.64/turn              e - +6 ring of strength
MPRegen  0.13/turn              b - +6 ring of dexterity (curse)

@: no status effects
A: large, unfitting armour, claws 3, regeneration 1, shaggy fur 1, tough skin 3
a: Curse Item, Scrying, Renounce Religion


You were on level 10 of the Dungeon.
You worshipped Ashenzari.
Ashenzari was pleased with you.
You visited 2 branches of the dungeon, and saw 11 of its levels.

You collected 740 gold pieces.
You spent 104 gold pieces at shops.

Inventory:

Hand Weapons
 h - a +2 morningstar of freezing
Armour
 c - a +0 hat (worn)
 q - the +2 robe of Darkness (worn) {rElec rF+ Dex-3}
   (You found it on level 5 of the Dungeon)

   It affects your dexterity (-3).
   It protects you from fire.
   It insulates you from electricity.
 s - a cursed +2 cloak of poison resistance (worn)
Jewellery
 b - a cursed +6 ring of dexterity (right claw)
 e - a +6 ring of strength (left claw)
 g - an uncursed ring of ice
 m - an uncursed ring of protection from fire
 w - an uncursed ring of protection from magic
Wands
 y - a wand of paralysis (5)
Scrolls
 a - 3 scrolls of fog
 f - 2 scrolls of immolation
 l - 2 scrolls of amnesia
 o - a scroll of enchant weapon
 r - 3 scrolls of remove curse
 t - a scroll of teleportation
 x - a scroll of magic mapping
 B - a scroll of fear
Potions
 d - a potion of brilliance
 i - a potion of magic
 j - 4 potions of curing
 k - a potion of cancellation
 n - 2 potions of ambrosia
 p - a potion of mutation
 u - 2 potions of might
 v - a potion of stabbing
 z - a potion of lignification
 A - a potion of flight


   Skills:
 + Level 8.7 Dodging
 - Level 1.0 Stealth
 + Level 10.0 Unarmed Combat
 - Level 2.0 Spellcasting
 + Level 7.8 Conjurations
   Level 0.6 Summonings
   Level 0.6 Translocations


You had 10 spell levels left.
You knew the following spells:

 Your Spells              Type           Power        Failure   Level
a - Magic Dart            Conj           ###.         1%          1
b - Mephitic Cloud        Conj/Pois/Air  #.......     26%         3

Your spell library contained the following spells:

 Spells                   Type           Power        Failure   Level
 Foxfire                  Conj/Fire      ##..         4%          1
 Conjure Flame            Conj/Fire      ##......     16%         3
 Sting                    Tmut/Pois      #...         26%         1
 Blink                    Tloc           N/A          30%         2
 Call Imp                 Summ           #.......     30%         2
 Poisonous Vapours        Pois/Air       #.....       36%         2
 Slow                     Hex            #.......     36%         2
 Sticky Flame             Conj/Fire      ##......     45%         4
 Ignite Poison            Fire/Tmut/Pois #.......     58%         3
 Inner Flame              Hex/Fire       #.......     58%         3
 Fireball                 Conj/Fire      ##........   80%         5
 Olgreb's Toxic Radiance  Pois           #.......     94%         4


Dungeon Overview and Level Annotations

Branches:
Dungeon (10/15)            Temple (1/1) D:5            Lair (0/6) D:8
    Orc (0/2) D:9

Altars:
Ashenzari
Cheibriados
Dithmenos
Elyvilon
Fedhas
Gozag
Hepliaklqana
Kikubaaqudgha
Makhleb
Nemelex Xobeh
Okawaru
Qazlal
Ru
Sif Muna
Trog
Uskayaw
Vehumet
Wu Jian
Xom
Yredelemnul
Zin
The Shining One

Shops:
D:7 [   D:8 !


Innate Abilities, Weirdness & Mutations

You are too large for most types of armour.
You have claws for hands.
Your natural rate of healing is unusually fast.
You are covered in fur. (AC +1)
You have extremely tough skin. (AC +3)


Message History

The orc priest calls down the wrath of Beogh upon you.
Beogh smites you!
The two-headed ogre hits you with a +0 giant spiked club!!
The two-headed ogre barely misses you.
You claw the two-headed ogre!
The two-headed ogre is almost dead.
The two-headed ogre hits you with a +0 giant spiked club!!
* * * LOW HITPOINT WARNING * * *
The two-headed ogre hits you but does no damage.
Unknown command.
You scratch the two-headed ogre but do no damage.
The two-headed ogre is almost dead.
You claw the two-headed ogre!
The two-headed ogre is almost dead.
The two-headed ogre hits you with a +0 giant spiked club!
* * * LOW HITPOINT WARNING * * *
The two-headed ogre barely misses you.
The orc priest invokes the aid of Beogh against you.
Beogh smites you!
You die...

..#. .#.....#.
.>...#....
.........###
......#... #.
#.#...#.## #..
#...#.O#.###
#..).#.....o.#@!#
#....#......oO###
#..##..#.#####
###.##........###
#....†[......#..#
###........#..#.###
.........#...#.#####
###.........#....#.#
#...........###.##


You could see a two-headed ogre and an orc priest.

Vanquished Creatures
  A two-headed ogre (D:8)
  Pikel (D:9)
  A centaur skeleton (D:10)
  A troll (D:9)
  A hippogriff (D:10)
  A wyvern (D:10)
  11 yaks
  A basilisk (D:8)
  3 porcupines (D:8)
  4 black bears
  4 orc warriors
  8 ogres
  4 phantoms
  4 centaurs
  3 crocodiles
  A lemure (D:9)
  3 big kobolds
  3 bullfrogs
  6 gnoll sergeants
  2 scorpions (D:5)
  4 wights (D:7)
  4 killer bees
  6 howler monkeys
  3 electric eels (D:9)
  A centaur zombie (D:6)
  4 hounds
  4 orc priests
  2 jellies
  Crazy Yiuf (D:3)
  3 orc wizards
  2 iguanas (D:6)
  Natasha (thrice) (D:4)
  8 worker ants
  2 killer bee zombies
  2 hound zombies
  2 worker ant zombies
  5 gnolls
  15 adders
  2 river rats (D:3)
  4 white imps
  An ufetubus (D:10)
  An ooze (D:6)
  2 worms (D:2)
  A dart slug (D:1)
  5 leopard geckos
  22 orcs
  7 giant cockroaches
  7 goblins
  3 hobgoblins
  6 kobolds
  6 quokkas
  3 bats
  5 frilled lizards
  7 rats
216 creatures vanquished.

Vanquished Creatures (others)
  2 fungi (D:8)
  2 plants (D:8)
4 creatures vanquished.

Grand Total: 220 creatures vanquished

Notes
Turn   | Place    | Note
-------+----------+-------------------------------------------
     0 | D:1      | KristoblXynda the Troll Hedge Wizard began the quest for
                  | the Orb.
     0 | D:1      | Reached XP level 1. HP: 16/16 MP: 2/2
   128 | D:1      | Reached skill level 1 in Conjurations
   199 | D:1      | Reached XP level 2. HP: 24/24 MP: 4/4
   624 | D:1      | Reached skill level 1 in Unarmed Combat
   755 | D:2      | Found a white marble altar of Elyvilon.
   823 | D:2      | Reached XP level 3. HP: 31/31 MP: 5/5
   981 | D:2      | Reached skill level 2 in Unarmed Combat
   981 | D:2      | Reached XP level 4. HP: 32/39 MP: 6/6
  1256 | D:2      | Found an opulent altar of Gozag.
  1256 | D:2      | Found an ornate altar of the Wu Jian Council.
  1261 | D:2      | Found a faded altar of an unknown god.
  1263 | D:2      | Found a basalt altar of Yredelemnul.
  1264 | D:2      | Found a sparkling altar of Nemelex Xobeh.
  1391 | D:3      | Found a hide-covered altar of Uskayaw.
  1876 | D:3      | You fall into a shaft and drop 3 floors!
  1877 | D:6      | Noticed a phantom
  1885 | D:6      | Killed a phantom
  1885 | D:6      | Reached XP level 5. HP: 43/45 MP: 7/7
  1965 | D:6      | Reached skill level 3 in Unarmed Combat
  1965 | D:6      | Reached XP level 6. HP: 27/53 MP: 8/8
  2104 | D:6      | Noticed an orc warrior
  2114 | D:5      | Entered Level 5 of the Dungeon
  2203 | D:5      | Found a staircase to the Ecumenical Temple.
  2210 | Temple   | Entered the Ecumenical Temple
  2285 | Temple   | Became a worshipper of Ashenzari the Shackled
  2594 | D:5      | Got the uncursed robe of Darkness {rElec rF+ Dex-3}
  2605 | D:5      | Identified the +2 robe of Darkness {rElec rF+ Dex-3} (You
                  | found it on level 5 of the Dungeon)
  2624 | D:5      | Found a burning altar of Makhleb.
  2643 | D:5      | Found a glowing golden altar of the Shining One.
  2835 | D:5      | Found a shadowy altar of Dithmenos.
  2927 | D:5      | Found a bloodstained altar of Trog.
  3267 | D:4      | Noticed Natasha
  3274 | D:4      | Killed Natasha
  3274 | D:4      | Reached skill level 4 in Unarmed Combat
  3274 | D:4      | Reached XP level 7. HP: 52/59 MP: 9/9
  3357 | D:4      | Noticed Natasha
  3365 | D:4      | Killed Natasha
  3552 | D:4      | Noticed Natasha
  3561 | D:4      | Killed Natasha
  3581 | D:4      | Found a stormy altar of Qazlal.
  4370 | D:3      | Found a runed translucent door.
  4371 | D:3      | Noticed Crazy Yiuf
  4448 | D:3      | Killed Crazy Yiuf
  4585 | D:3      | Learned a level 3 spell: Mephitic Cloud
  4923 | D:6      | Found a hazy altar of Hepliaklqana.
  5213 | D:7      | Reached skill level 5 in Unarmed Combat
  5217 | D:7      | Reached XP level 8. HP: 61/67 MP: 10/10
  5257 | D:7      | Found a hazy altar of Hepliaklqana.
  5279 | D:7      | Reached skill level 5 in Dodging
  5296 | D:7      | Reached * piety under Ashenzari
  5421 | D:7      | Reached skill level 6 in Unarmed Combat
  5468 | D:7      | Found Fuhoesto's Armour Shop.
  5621 | D:7      | Reached skill level 5 in Conjurations
  5788 | D:7      | Reached XP level 9. HP: 70/74 MP: 11/11
  6108 | D:7      | Found a sparkling altar of Nemelex Xobeh.
  6148 | D:8      | Found an ancient bone altar of Kikubaaqudgha.
  6553 | D:8      | Reached skill level 7 in Unarmed Combat
  6589 | D:8      | Noticed a two-headed ogre
  6606 | D:8      | Killed a two-headed ogre
  6874 | D:8      | Found Zocledog's Distillery.
  6883 | D:8      | Bought a potion of berserk rage for 65 gold pieces
  6883 | D:8      | Bought a potion of curing for 39 gold pieces
  6905 | D:8      | Found a staircase to the Lair.
  7022 | D:8      | Reached skill level 8 in Unarmed Combat
  7178 | D:8      | Reached XP level 10. HP: 81/81 MP: 12/12
  7607 | D:9      | Reached skill level 9 in Unarmed Combat
  7717 | D:9      | Noticed Pikel
  7771 | D:9      | Killed Pikel
  8045 | D:9      | Found a staircase to the Orcish Mines.
  8050 | D:9      | Reached XP level 11. HP: 82/88 MP: 13/13
  8648 | D:10     | Entered Level 10 of the Dungeon
  8740 | D:10     | Reached ** piety under Ashenzari
  8744 | D:10     | Reached skill level 10 in Unarmed Combat
  8802 | D:10     | Noticed a two-headed ogre
  8817 | D:10     | Killed from afar by an orc priest

Illustrated notes

Levels and vault maps discovered:
D:1:      saegor_arrival_simple_e, layout_basic, chequers_hall_statues_corner_a
D:2:      layout_rooms, elyvilon_altar_4, chequers_temple_overflow_minitemple
D:3:      layout_loops_ring, overflow_temple_1_default, portal_sewer_entry_b,
          wander_ebering_terrifying_dragon_lair, uniq_crazy_yiuf_cottage
D:4:      layout_cave_pods, marbit_many_paths, chequers_decorated_corner,
          chequers_serial_rivers_large_a, uniq_natasha
D:5:      layout_loops_ring, bloody_makhleb, lightli_temple_of_fire,
          tso_metal_star, nicolae_dithmenos_shadow_blocks,
          minmay_temple_entry_statues, minmay_chambers_of_fives
D:6:      layout_rooms, lemuel_crystal_altar
D:7:      layout_basic, serial_shops, kennysheep_little_box, basic_altar,
          minmay_ruined_shrine
D:8:      layout_cave_pools, nicolae_overflow_crystal_walls,
          minmay_lair_entry_grove, serial_shops, shop_statue
D:9:      layout_long_grid, kennysheep_orc_monster_closet_entryway,
          serial_bayou, serial_bayou_lake_a, serial_bayou_pond_a,
          serial_bayou_ford_a, serial_bayou_pond_c, uniq_pikel
D:10:     layout_roguey, serial_undead, serial_undead_a, serial_undead_b,
          serial_undead_e, serial_undead_d, minmay_increasing_density
Temple:   compressed_dpeg_triangle_lava_temple

Skill      XL: |  1  2  3  4  5  6  7  8  9 10 11 |
---------------+----------------------------------+-----
Conjurations   | 1 2 3 4 5 6 7 |  7.8
Unarmed Combat | 1 2 3 4 5 6 8 9 10 | 10.0
Dodging        | 2 3 4 5 7 8 |  8.7
Stealth        | |  1.0
Spellcasting   | |  2.0
Summonings     | |  0.6
Translocations | |  0.6

Action                   |  1- 3 |  4- 6 |  7- 9 | 10-12 || total
-------------------------+-------+-------+-------+-------++-------
Melee: Unarmed           |    82 |   131 |   340 |   206 ||   759
       Punch             |       |     1 |     7 |    15 ||    23
Invok: Curse Item        |       |       |     1 |     1 ||     2
Evoke: Wand              |       |       |     8 |     2 ||    10
  Use: Scroll            |       |    14 |     9 |     5 ||    28
       Potion            |       |     1 |     4 |     1 ||     6
 Stab: Sleeping          |     1 |     2 |       |       ||     3
Armor: Robe              |    24 |    31 |   127 |    65 ||   247
       Skin              |       |    10 |       |       ||    10
Dodge: Dodged            |    49 |    56 |   195 |    91 ||   391

Table legend: (Time is in decaauts)
 A = Elapsed time spent in this place.
 B = Non-inter-level travel time spent in this place.
 C = Inter-level travel time spent in this place.
 D = Time resting spent in this place.
 E = Time spent auto-exploring this place.
 F = Levels seen in this place.
 G = Mean time per level.
                   A        B        C        D        E       F      G
               +--------+--------+--------+--------+--------+-----+--------+
         Total |   8840 |   8147 |    693 |    983 |   5124 |  11 |  803.6 |
       Dungeon |   8563 |   7884 |    679 |    983 |   4890 |  10 |  856.3 |
        Temple |    277 |    263 |     14 |      0 |    234 |   1 |  277.0 |
               +--------+--------+--------+--------+--------+-----+--------+

Top non-repeatable levels by time:
     D:9: 1226 daAuts
     D:7: 1201 daAuts
     D:4: 1009 daAuts
     D:3: 982 daAuts
     D:8: 936 daAuts
     D:5: 887 daAuts
     D:6: 798 daAuts
     D:1: 747 daAuts
     D:2: 611 daAuts
  Temple: 277 daAuts
    D:10: 161 daAuts
